 Dungeon Crawl Stone Soup version 0.29-a0-643-ga013cefcf8 (webtiles) character file.

Game seed: 9386616822943865822

2590 Zeld the Frost Mage (level 9, -3/57 HPs)
             Began as a Merfolk Ice Elementalist on June 19, 2022.
             Slain by a two-headed ogre
             ... wielding a +0 giant spiked club
              (19 damage)
             ... on level 7 of the Dungeon.
             The game lasted 00:15:21 (7052 turns).

Zeld the Frost Mage (Merfolk Ice Elementalist)      Turns: 7052, Time: 00:15:21

Health: -3/57      AC:  9    Str:  8    XL:     9   Next: 58%
Magic:  19/19      EV: 12    Int: 14    God:
Gold:   21         SH:  0    Dex: 15    Spells: 11/22 levels left

rFire   . . .      SeeInvis .   a - +5 falchion "Ogre's Regret" {chaos, rElec rC+ rCorr Int-4}
rCold   + . .      Faith    .   (no shield)
rNeg    . . .      Spirit   .   w - +0 swamp dragon scales
rPois   +          Reflect  .   (no helmet)
rElec   +          Harm     .   C - +0 cloak
rCorr   +          Rampage  .   (no gloves)
Will    .....                   j - +0 pair of boots
Stlth   +.........              G - amulet of magic regeneration
HPRegen 0.19/turn               (no ring)
MPRegen 0.56/turn               (no ring)

@: very slightly contaminated
A: (nimble swimmer 2), mertail
a: no special abilities


You were on level 7 of the Dungeon.
You visited 2 branches of the dungeon, and saw 8 of its levels.
You also visited: Sewer.

You collected 327 gold pieces.
You spent 306 gold pieces at shops.

Inventory:

Hand Weapons
 a - the +5 falchion "Ogre's Regret" (weapon) {chaos, rElec rC+ rCorr Int-4}
   (You took it off a gnoll on level 5 of the Dungeon)

   Each time it hits an enemy it has a different, random effect.
   Int:       It affects your intelligence (-4).
   rC:        It protects you from cold.
   rElec:     It insulates you from electricity.
   rCorr:     It protects you from acid and corrosion.
Missiles
 i - 3 atropa-tipped darts
 s - 2 curare-tipped darts
 u - 7 poisoned darts
Armour
 j - a +0 pair of boots (worn)
 w - +0 swamp dragon scales (worn)
 C - a +0 cloak (worn)
Jewellery
 G - an amulet of magic regeneration (around neck)
Wands
 B - a wand of digging (2)
Scrolls
 f - 5 scrolls of enchant armour
 l - a scroll of magic mapping
 p - 3 scrolls of blinking
 q - 3 scrolls of amnesia
 x - a scroll of enchant weapon {unknown}
 y - 2 scrolls of teleportation {unknown}
 D - a scroll of summoning {unknown}
 E - a scroll of silence {unknown}
 F - 2 scrolls of fear
Potions
 b - 2 potions of magic
 e - a potion of resistance
 g - a potion of might {unknown}
 h - 2 potions of haste {unknown}
 m - 2 potions of lignification {unknown}
 o - a potion of invisibility {unknown}
 r - a potion of cancellation {unknown}
 t - 9 potions of curing
 v - 7 potions of heal wounds {unknown}
 z - 2 potions of degeneration {unknown}
 A - 2 potions of berserk rage {unknown}
 H - a potion of ambrosia {unknown}


   Skills:
 * Level 5.3 Long Blades
 + Level 7.4 Dodging
 - Level 2.1 Stealth
 * Level 7.1 Spellcasting
 * Level 9.3 Ice Magic


You had 11 spell levels left.
You knew the following spells:

 Your Spells              Type           Power      Damage    Failure   Level
a - Freeze                Ice            100%       1d11      1%          1
b - Frozen Ramparts       Ice            62%        1d8       2%          3
c - Ozocubu's Armour      Ice            31%        N/A       2%          3
d - Hailstorm             Conj/Ice       18%        3d6       54%         4

Your spell library contained the following spells:

 Spells                   Type           Power      Damage    Failure   Level
 Sandblast                Erth           8%         2d5       41%         1
 Sting                    Tmut/Pois      16%        1d3       41%         1
 Passwall                 Tmut/Erth      3%         N/A       54%         2
 Poisonous Vapours        Pois/Air       8%         N/A       54%         2
 Stone Arrow              Conj/Erth      8%         3d7       78%         3
 Olgreb's Toxic Radiance  Pois           4%         N/A       99%         4


Dungeon Overview and Level Annotations

Branches:
Dungeon (7/15)             Temple (1/1) D:4           Sewer (visited)

Altars:
Ashenzari
Cheibriados
Elyvilon
Fedhas
Hepliaklqana
Kikubaaqudgha
Makhleb
Nemelex Xobeh
Okawaru
Qazlal
Ru
Uskayaw
Vehumet
Wu Jian
Xom
Yredelemnul
Zin

Shops:
D:5 *[[   D:6 *


Innate Abilities, Weirdness & Mutations

((You are very nimble when in or above water. (Stealth+, EV+, Speed+++)))
Your lower body shifts to a powerful aquatic tail in water.


Message History

The spell is quite dangerous to miscast (54% risk of failure)!
Continue anyway?
Casting: Hailstorm (quite dangerous; 54% risk of failure)
Press: ? - help, Dir - look around, f - activate A cannonade of hail descends around you!
The hail pelts the two-headed ogre!
The two-headed ogre is moderately wounded.
Unknown command.
Casting: Hailstorm (quite dangerous; 54% risk of failure)
Confirm with . or Enter, or press ? or * to list all spells.
The spell is quite dangerous to miscast (54% risk of failure)!
Continue anyway?
Casting: Hailstorm (quite dangerous; 54% risk of failure)
Press: ? - help, Dir - look around, f - activate You miscast Hailstorm.
Your hands feel numb with cold!
You resist.
The wall freezes the two-headed ogre!
Unknown command.
Casting: Hailstorm (quite dangerous; 54% risk of failure)
Confirm with . or Enter, or press ? or * to list all spells.
Aiming: Freeze (safe; 1% risk of failure)
Press: ? - help, Shift-Dir - straight line, f - two-headed ogre
Aim: a two-headed ogre, wielding two +0 giant spiked clubs (moderately wounded)
You freeze the two-headed ogre.
The two-headed ogre is moderately wounded.
The wall freezes the two-headed ogre!
The two-headed ogre barely misses you.
The two-headed ogre hits you with a +0 giant spiked club!
You hit the two-headed ogre.
The two-headed ogre resists with almost no effort.
The two-headed ogre is heavily wounded.
Unknown command.
You hit the two-headed ogre. You freeze the two-headed ogre.
The two-headed ogre is severely wounded.
The wall freezes the two-headed ogre.
The two-headed ogre barely misses you.
The two-headed ogre hits you with a +0 giant spiked club!
* * * LOW HITPOINT WARNING * * *
Unknown command.
Your frozen ramparts will break if you move.
Continue?
The frozen ramparts melt away as you move.
Okay, then.
Magic courses through your body. The two-headed ogre barely misses you.
The two-headed ogre hits you with a +0 giant spiked club!!
You die...

.... .......
#..... .........
#..... #........
#.....###...$...
##...............
..............####
..................
...............#
........@)<#+####.
..!#...O#).#......
........##......#
................'
........†#......#
##................
#..............#.
#..............+
#..).....#+#####


You could see a two-headed ogre.

Vanquished Creatures
  Maggie (D:6)
  Grinder (D:3)
  Sigmund (D:6)
  A steam dragon (D:6)
  An ogre (D:5)
  3 centaurs (D:6)
  A phantom (D:5)
  3 kobold brigands
  A bullfrog (D:7)
  A necrophage (D:6)
  3 scorpions
  A gnoll sergeant (D:5)
  2 jellies
  2 electric eels (D:6)
  3 hounds (D:6)
  An orc priest (D:6)
  Ijyb (D:3)
  Crazy Yiuf (D:4)
  Terence (D:2)
  3 iguanas
  3 orc wizards
  7 gnolls (D:5)
  3 river rats (Sewer)
  17 adders
  An ufetubus (D:5)
  2 worms
  2 dart slugs
  12 orcs
  4 bats
  10 endoplasms
  4 giant cockroaches
  8 goblins
  3 hobgoblins
  11 kobolds
  4 quokkas
  10 ball pythons
  3 frilled lizards
  11 rats
147 creatures vanquished.

Vanquished Creatures (others)
  A kobold (D:6)
1 creature vanquished.

Grand Total: 148 creatures vanquished

Notes
Turn   | Place    | Note
-------+----------+-------------------------------------------
     0 | D:1      | Zeld the Merfolk Ice Elementalist began the quest for the
                  | Orb.
     0 | D:1      | Reached XP level 1. HP: 13/13 MP: 3/3
   228 | D:1      | Reached XP level 2. HP: 19/19 MP: 1/5
   834 | D:1      | Found a faded altar of an unknown god.
  1201 | D:2      | Reached XP level 3. HP: 24/24 MP: 4/6
  1205 | D:2      | Learned a level 3 spell: Frozen Ramparts
  1209 | D:2      | Learned a level 3 spell: Ozocubu's Armour
  1294 | D:2      | Reached skill level 5 in Ice Magic
  1353 | D:2      | Noticed Terence
  1371 | D:2      | Killed Terence
  1372 | D:2      | Reached XP level 4. HP: 30/30 MP: 0/8
  2223 | D:3      | Noticed Grinder
  2237 | D:3      | Paralysed by Grinder for 2 turns
  2329 | D:3      | Found a glowing drain.
  2334 | Sewer    | Entered a sewer
  2341 | Sewer    | Reached XP level 5. HP: 35/35 MP: 4/9
  2579 | Sewer    | Noticed a kobold brigand
  2590 | Sewer    | Killed a kobold brigand
  2591 | Sewer    | Reached XP level 6. HP: 33/41 MP: 5/11
  2717 | Sewer    | Reached skill level 6 in Ice Magic
  3347 | D:4      | Found a staircase to the Ecumenical Temple.
  3358 | Temple   | Entered the Ecumenical Temple
  3765 | D:4      | Found a runed translucent door.
  4014 | D:3      | Noticed Ijyb
  4024 | D:3      | Killed Ijyb
  4097 | D:3      | Killed Grinder
  4098 | D:3      | Reached skill level 5 in Dodging
  4098 | D:3      | Reached skill level 7 in Ice Magic
  4098 | D:3      | Reached XP level 7. HP: 34/46 MP: 12/14
  4225 | D:3      | Reached skill level 5 in Spellcasting
  4442 | D:4      | Noticed Crazy Yiuf
  4449 | D:4      | Killed Crazy Yiuf
  4542 | D:5      | Entered Level 5 of the Dungeon
  4674 | D:5      | Reached XP level 8. HP: 39/52 MP: 8/16
  4736 | D:5      | Identified the +5 falchion "Ogre's Regret" {chaos, rElec
                  | rC+ rCorr Int-4}
  5068 | D:5      | Found Diruogac's Assorted Antiques.
  5069 | D:5      | Found Xogegeci's Antique Armour Shoppe.
  5071 | D:5      | Found Worghen's Antique Armour Shop.
  5075 | D:5      | Bought a scroll labelled ENOLIPHUUQI for 31 gold pieces
  5075 | D:5      | Bought a scroll labelled PEFOXUOWNA for 31 gold pieces
  5075 | D:5      | Bought a scroll labelled PEFOXUOWNA for 31 gold pieces
  5075 | D:5      | Bought a potion of curing for 93 gold pieces
  5158 | D:5      | Reached skill level 1 in Long Blades
  5264 | D:5      | Found a hide-covered altar of Uskayaw.
  5340 | D:6      | Noticed Maggie
  5524 | D:6      | Killed Maggie
  5525 | D:6      | Reached skill level 8 in Ice Magic
  5552 | D:6      | Learned a level 4 spell: Hailstorm
  5862 | D:6      | Reached XP level 9. HP: 56/57 MP: 13/18
  6133 | D:6      | Noticed Sigmund
  6139 | D:6      | Killed Sigmund
  6141 | D:6      | Reached skill level 9 in Ice Magic
  6664 | D:6      | Reached skill level 5 in Long Blades
  6721 | D:6      | Found Dapul's General Store.
  6729 | D:6      | Bought a scroll of enchant armour for 82 gold pieces
  6729 | D:6      | Bought a scroll of fear for 38 gold pieces
  7038 | D:7      | Noticed a two-headed ogre
  7052 | D:7      | Slain by a two-headed ogre

Illustrated notes

Levels and vault maps discovered:
D:1:      dpeg_arrival_refuge, layout_basic,
          hellmonk_ecumenical_altar_leap_of_faith
D:2:      layout_basic, minmay_misc_feat_roman, uniq_terence
D:3:      layout_basic, gup_sewer_entry_bowl, uniq_grinder, uniq_ijyb
D:4:      layout_basic, minmay_temple_entry_ruins, uniq_crazy_yiuf_cottage
D:5:      layout_rooms, mainiacjoe_overflow_alcove_2, grunt_ministairs_8,
          nicolae_wooded_promenade
D:6:      layout_loops_corners, serial_shops, shop, kennysheep_small_spiral,
          uniq_maggie, uniq_sigmund
D:7:      layout_basic, grunt_decor_one_mirror
Temple:   eino_temple_rhombus

Skill      XL: |  1  2  3  4  5  6  7  8  9 |
---------------+----------------------------+-----
Dodging        | 3 4 5 6 7 |  7.4
Ice Magic      | 5 7 8 9 |  9.3
Spellcasting   | 3 4 5 6 7 |  7.1
Long Blades    | 3 5 |  5.3
Stealth        | |  2.1

Action                   |  1- 3 |  4- 6 |  7- 9 || total
-------------------------+-------+-------+-------++-------
Melee: Unarmed           |     2 |    12 |       ||    14
       Tailslap          |       |     1 |       ||     1
       Dagger            |       |     7 |    43 ||    50
       Falchion          |       |       |    51 ||    51
       Punch             |       |       |     2 ||     2
 Cast: Freeze            |    41 |    88 |    66 ||   195
       Frozen Ramparts   |     3 |     8 |    17 ||    28
       Ozocubu's Armour  |       |     1 |    10 ||    11
       Hailstorm         |       |       |     1 ||     1
Evoke: Wand              |       |     7 |     1 ||     8
  Use: Potion            |       |       |     2 ||     2
       Scroll            |       |       |     6 ||     6
 Stab: Distracted        |       |     1 |       ||     1
       Sleeping          |       |       |     3 ||     3
Armor: Robe              |    11 |    12 |    18 ||    41
       Swamp dragon scal |       |       |    34 ||    34
Dodge: Dodged            |    22 |    59 |   126 ||   207

Table legend: (Time is in decaauts)
 A = Elapsed time spent in this place.
 B = Non-inter-level travel time spent in this place.
 C = Inter-level travel time spent in this place.
 D = Time resting spent in this place.
 E = Time spent auto-exploring this place.
 F = Levels seen in this place.
 G = Mean time per level.
                   A        B        C        D        E       F      G
               +--------+--------+--------+--------+--------+-----+--------+
         Total |   7015 |   6648 |    367 |    757 |   4508 |   9 |  779.4 |
       Dungeon |   6310 |   5957 |    353 |    636 |   4089 |   7 |  901.4 |
        Temple |    149 |    135 |     14 |      0 |    122 |   1 |  149.0 |
         Sewer |    554 |    554 |      0 |    121 |    297 |   1 |  554.0 |
               +--------+--------+--------+--------+--------+-----+--------+

Top non-repeatable levels by time:
     D:6: 1507 daAuts
     D:4: 1074 daAuts
     D:2: 1068 daAuts
     D:1: 1049 daAuts
     D:5: 963 daAuts
     D:3: 608 daAuts
   Sewer: 554 daAuts
  Temple: 149 daAuts
     D:7: 39 daAuts
